 Dungeon Crawl Stone Soup version 0.30-a0-222-ge547ba4400 (webtiles) character file.

Game seed: 10954683219569227524

161895 qw the Warrior (level 17, -8/117 HPs)
             Began as a Gargoyle Fighter on Oct 8, 2022.
             Was a High Priest of Okawaru.
             Engulfed by a cloud of freezing vapour (21 damage)
             ... on level 4 of the Swamp.
             The game lasted 00:17:48 (31282 turns).

qw the Warrior (Gargoyle Fighter)                  Turns: 31282, Time: 00:17:48

Health: -8/117     AC: 46    Str: 28    XL:     17   Next: 79%
Magic:  24/24      EV: 11    Int:  9    God:    Okawaru [*****.]
Gold:   2917       SH: 21    Dex:  9    Spells: 16/16 levels left

rFire   + . .      SeeInvis +    s - +9 war axe "Kelamn" {drain, rF+}
rCold   . . .      Faith    .    g - +0 tower shield
rNeg    + . .      Spirit   .    v - +6 plate armour
rPois   inf        Reflect  +    c - +2 helmet
rElec   +          Harm     .    I - +2 cloak {Will+}
rCorr   .          Rampage  .    r - +2 pair of gloves
Will    ++...                    (no boots)
Stlth   ..........               B - amulet of reflection
HPRegen 0.39/turn                n - +4 ring of evasion
MPRegen 0.19/turn                b - ring of see invisible

@: flying
A: sickness immunity, AC +12, big wings, negative energy resistance 1,
electricity resistance, torment resistance 1, petrification resistance
a: Renounce Religion, Heroism, Finesse, Duel


You were on level 4 of the Swamp.
You worshipped Okawaru.
Okawaru was extremely pleased with you.
You visited 6 branches of the dungeon, and saw 30 of its levels.

You collected 3595 gold pieces.
You spent 678 gold pieces at shops.


Innate Abilities, Weirdness & Mutations

You are immune to sickness and miasma.
Your stone body is resilient. (AC +12)
You are immune to poison.
Your large and strong wings let you fly.
You resist negative energy. (rN+)
You are resistant to electric shocks. (rElec)
You are resistant to unholy torment.
You are immune to petrification.


   Skills:
 - Level 17.0 Fighting
 - Level 16.0 Axes
 - Level 8.0 Throwing
 - Level 15.2 Armour
 - Level 4.0 Dodging
 + Level 13.1 Shields
 - Level 10.1 Invocations


You had 16 spell levels left.
You didn't know any spells.
Your spell library was empty.

Inventory:

Hand Weapons
 e - a +1 vampiric demon whip
 s - the +9 war axe "Kelamn" (weapon) {drain, rF+}
   (You found it on level 6 of the Dungeon)

   A truly terrible weapon, it drains the life of any living foe it strikes.
   rF:        It protects you from fire.
 z - a +2 broad axe of venom
Missiles
 y - 2 silver boomerangs (quivered)
 A - a javelin
 E - 9 boomerangs
Armour
 c - a +2 helmet (worn)
 g - a +0 tower shield (worn)
 r - a +2 pair of gloves (worn)
 v - a +6 plate armour (worn)
 F - a +4 chain mail of fire resistance
 I - a +2 cloak of willpower (worn)
Jewellery
 b - a ring of see invisible (right hand)
 n - a +4 ring of evasion (left hand)
 p - a ring of positive energy
 u - a ring of resist corrosion
 w - a ring of ice
 B - an amulet of reflection (around neck)
 C - a ring of protection from cold
 H - a ring of resist corrosion
Scrolls
 a - 2 scrolls of brand weapon
 f - 29 scrolls of identify
 i - 12 scrolls of teleportation
 D - 7 scrolls of enchant weapon
Potions
 d - 5 potions of might
 h - 7 potions of lignification
 j - 10 potions of curing
 k - 5 potions of cancellation
 l - 4 potions of haste
 m - 13 potions of heal wounds
 q - 3 potions of attraction
 t - 4 potions of resistance
 x - 4 potions of mutation

Dungeon Overview and Level Annotations

Branches:
Dungeon (15/15)            Temple (1/1) D:4            Lair (5/5) D:11
  Swamp (4/4) Lair:3       Spider (3/4) Lair:2        Slime (0/5) Lair:5
    Orc (2/2) D:11            Elf (0/3) Orc:2        Vaults (0/5) D:13
 Depths (0/4) D:15

Altars:
Ashenzari
Cheibriados
Dithmenos
Elyvilon
Fedhas
Gozag
Hepliaklqana
Kikubaaqudgha
Makhleb
Nemelex Xobeh
Okawaru
Qazlal
Ru
Sif Muna
Trog
Uskayaw
Vehumet
Wu Jian
Xom
Yredelemnul
Zin
The Shining One
Jiyva

Shops:
D:1 !   Orc:2 (!?:

Annotations:
D:3 2 transporters, qw's ghost, amateur GrFi
D:7 1 runed translucent door, Crazy Yiuf
D:10 3 runed translucent doors, qw's ghost, novice GrFi


Message History

The seven-headed hydra simulacrum is heavily damaged.
You block the seven-headed hydra simulacrum's attack. x3
The seven-headed hydra simulacrum bites you but does no damage.
You block the seven-headed hydra simulacrum's attack.
The seven-headed hydra simulacrum bites you but does no damage.
The seven-headed hydra simulacrum bites you.
The seven-headed hydra simulacrum freezes you!!
You hit the seven-headed hydra simulacrum.
The seven-headed hydra simulacrum is severely damaged.
You thrash the seven-headed hydra simulacrum!!
The seven-headed hydra simulacrum vaporises!
Okawaru accepts your kill.
31244 ||| SWAPPING to +9 war axe "Kelamn" {drain, rF+}.
You feel the dreadful sensation subside.
You sense an unholy aura.
s - the +9 war axe "Kelamn" (weapon)
{drain, rF+} You start resting.
You feel like a meek peon again.
You're standing in a cloud of freezing vapour!
You're standing in a cloud of freezing vapour!
You are engulfed in freezing vapours.
You start resting.
You're standing in a cloud of freezing vapour!
You're standing in a cloud of freezing vapour!
You are engulfed in freezing vapours.
You're standing in a cloud of freezing vapour!
You are engulfed in freezing vapours.
You're standing in a cloud of freezing vapour!
You are engulfed in freezing vapours.
You're standing in a cloud of freezing vapour!
You are engulfed in freezing vapours.
You start resting.
You're standing in a cloud of freezing vapour!
You're standing in a cloud of freezing vapour!
You are engulfed in freezing vapours.
You're standing in a cloud of freezing vapour!
You are engulfed in freezing vapours.
You're standing in a cloud of freezing vapour!
You are engulfed in freezing vapours.
You die...

7~~77 77.?..... ..
7~~~777..~7~.~~ 7.
77~~~7.7~777.~~ ##.
77~~..77¤~77.~~ #..
7~~).777~..~.¤~ #.%
77..77 7~~~7~~~
#..###~)~~777.~.7.~~
##(0#.#7~.~~77..<....
#..#@#7~~.~~~7.¤~~~~.
#00..[.~~~77~~..~~.
700#7#~.~~.....~~..~
#0# #~~.........~~.
## 77~~777777.~...
7~~77 77.<~¤


7777 7~~~¤ 77..~~ 7.~~~~ There were no monsters in sight!

Vanquished Creatures
  Rupert (D:13)
  Frances (Swamp:2)
  Roxanne (D:15)
  An azure jelly (Swamp:4)
  Louise (Spider:2)
  3 ghouls (Swamp:4)
  2 broodmothers (Spider:1)
  5 eleionomae
  5 bunyips
  2 ettins
  Josephine (D:15)
  A shambling mangrove (Swamp:3)
  An entropy weaver (Spider:2)
  2 ghost crabs
  10 hydras
  A vault guard (D:13)
  Erolcha (Orc:1)
  3 jorogumos
  6 boulder beetles
  Erica (Lair:1)
  4 catoblepae
  3 centaur warriors
  3 radroaches
  6 alligators
  4 two-headed ogres
  10 death yaks
  2 orc high priests
  4 tengu warriors
  A death scarab (Spider:2)
  A fire crab (shapeshifter) (D:15)
  5 pharaoh ants
  4 goliath frogs
  2 skeletal warriors
  4 orb spiders (Spider:1)
  A sun moth (Spider:3)
  6 bog bodies
  Pikel (D:6)
  2 steelbarb worms
  3 swamp dragons (Swamp:1)
  A phantasmal warrior (D:15)
  5 deep elf pyromancers
  A necromancer (D:15)
  A fire giant zombie (D:15)
  12 orc knights
  3 orc sorcerers (Orc:2)
  5 cyclopes
  13 ugly things
  9 wolf spiders
  A will-o-the-wisp (Swamp:2)
  A frost giant zombie (D:15)
  A frost giant skeleton (D:15)
  8 black mambas
  8 manticores
  3 elephants (Lair:5)
  3 water nymphs (D:15)
  4 torpor snails
  A gargoyle (D:13)
  12 cane toads
  11 rime drakes
  Maggie (D:7)
  6 demonic crawlers (Spider:3)
  An unseen horror (D:12)
  8 komodo dragons
  3 kobold demonologists
  An efreet (D:14)
  4 freezing wraiths (Swamp:4)
  A bloated husk (Swamp:3)
  11 tarantellas
  13 meliai
  3 hornets
  8 trolls
  Grinder (D:6)
  9 saltlings (Orc:2)
  A polar bear (Lair:4)
  5 tyrant leeches
  5 slime creatures
  Prince Ribbit (D:5)
  An ettin zombie (D:15)
  16 blink frogs
  5 dream sheep (Lair:4)
  14 jumping spiders
  A spriggan (shapeshifter) (D:15)
  A shadow (D:10)
  7 culicivoras
  51 yaks
  2 spriggans (Swamp:2)
  Sigmund (D:5)
  7 wraiths
  A basilisk (Lair:1)
  2 wyverns
  4 humans (Swamp:4)
  2 fire elementals (D:15)
  3 swamp worm simulacra (Swamp:4)
  8 vampire mosquitoes
  20 steam dragons
  13 redbacks
  15 swamp worms
  6 hydra simulacra (Swamp:4)
  5 wargs
  An acid dragon (D:12)
  10 water moccasins
  Duvessa (D:5)
  A black bear (Lair:2)
  23 orc warriors
  3 swamp drakes
  An ice beast (D:6)
  4 ogres
  30 wolves
  6 centaurs
  A lemure (D:6)
  2 kobold brigands
  A phantom (D:7)
  13 bullfrogs
  Blork the orc (D:5)
  2 scorpions
  A gnoll sergeant (D:7)
  A necrophage (D:3)
  5 wights (D:10)
  Dowan (D:5)
  6 killer bees
  An electric eel (D:12)
  8 howler monkeys
  8 crimson imps (D:14)
  A lava snake (D:15)
  3 hounds
  3 jellies (Lair:5)
  11 orc priests
  Natasha (thrice) (D:4)
  2 iguanas (D:5)
  24 orc wizards
  12 hell rats
  11 gnolls
  6 adders
  A shadow imp (D:5)
  A white imp (D:14)
  An ufetubus (D:5)
  5 swamp drake simulacra (Swamp:4)
  2 dart slugs
  67 orcs
  8 endoplasms
  5 giant cockroaches
  6 goblins
  11 hobgoblins
  2 jackals (D:1)
  15 kobolds
  7 quokkas
  4 ball pythons
  2 bats
  8 frilled lizards
  5 rats
  A butterfly (D:3)
  2 pillars of salt (Orc:2)
845 creatures vanquished.

Vanquished Creatures (others)
  Kirke (Swamp:4)
  A goliath frog (Swamp:2)
  A bloated husk (Swamp:3)
  A human (Swamp:4)
  A swamp worm (Swamp:2)
  A wolf (Lair:2)
  10 foxfires (Swamp:2)
  25 fungi
  4 pillars of salt (Orc:2)
  57 plants
  12 withered plants (D:15)
114 creatures vanquished.

Grand Total: 959 creatures vanquished

Notes
Turn   | Place    | Note
-------+----------+-------------------------------------------
     0 | D:1      | qw the Gargoyle Fighter began the quest for the Orb.
     0 | D:1      | Reached XP level 1. HP: 14/14 MP: 1/1
     0 | D:1      | 0 ||| qw: Version: 0.2-a-17-g79969f3
     0 | D:1      | 0 ||| qw: Game counter: 1986
     0 | D:1      | 0 ||| qw: Always use a shield: true
     0 | D:1      | 0 ||| qw: God list: Okawaru
     0 | D:1      | 0 ||| qw: Allow faded altars: false
     0 | D:1      | 0 ||| qw: Do Orc after D:15 true
     0 | D:1      | 0 ||| qw: Do second Lair branch before Depths: true
     0 | D:1      | 0 ||| qw: Lair rune preference: random
     0 | D:1      | 0 ||| qw: Plans: Normal, Zot:1-4, God:TSO, Crypt, Tomb,
                  | Pan, Slime:5, Hells, Abyss, Orb
     0 | D:1      | 0 ||| PLANNING D:1-11
   108 | D:1      | Reached XP level 2. HP: 19/19 MP: 2/2
   333 | D:1      | Found a faded altar of an unknown god.
   700 | D:1      | Reached skill level 3 in Axes
   883 | D:1      | Found Mutwotaj's Distillery.
   886 | D:1      | 886 ||| BUYING 2 potions of attraction (78 gold).
   886 | D:1      | Bought 2 potions of attraction for 78 gold pieces
   886 | D:1      | 886 ||| SHOPLISTING potion of attraction (39 gold, have
                  | 31).
   886 | D:1      | 886 ||| SHOPLISTING potion of curing (39 gold, have 31).
   886 | D:1      | 886 ||| SHOPLISTING potion of heal wounds (65 gold, have
                  | 31).
   886 | D:1      | 886 ||| SHOPLISTING potion of might (52 gold, have 31).
   886 | D:1      | 886 ||| SHOPLISTING potion of mutation (104 gold, have 31).
   886 | D:1      | 886 ||| DROPPING +1 ring mail of poison resistance.
   887 | D:1      | 887 ||| DROPPING amulet of magic regeneration.
   888 | D:1      | 888 ||| READING scroll labelled LYPTAR GAGHACI.
   888 | D:1      | Identified a scroll of acquirement
   888 | D:1      | 888 ||| ACQUIRING +0 broad axe of freezing
   888 | D:1      | Acquired a +0 broad axe of freezing
   890 | D:1      | 890 ||| SWAPPING to +0 broad axe of freezing.
   891 | D:1      | 891 ||| DROPPING +0 war axe.
   892 | D:1      | 892 ||| READING scroll labelled DOACHI JAEQUIJ.
   893 | D:1      | 893 ||| READING scroll labelled YNWEIQ MAMUT.
   894 | D:1      | 894 ||| READING scroll labelled IDUSAIL KA YLOO.
   895 | D:1      | 895 ||| READING scroll labelled CEALOR SEO.
   899 | D:1      | 899 ||| DRINKING 2 fizzy inky potions.
   920 | D:2      | 920 ||| Stepping ~*~*~tactically~*~*~ (stealth).
   927 | D:2      | Reached XP level 3. HP: 23/23 MP: 3/3
   930 | D:2      | 930 ||| Stepping ~*~*~tactically~*~*~ (stealth).
   931 | D:2      | 931 ||| Stepping ~*~*~tactically~*~*~ (stealth).
  1251 | D:2      | 1251 ||| Stepping ~*~*~tactically~*~*~ (stealth).
  1263 | D:2      | Reached XP level 4. HP: 13/28 MP: 4/4
  1330 | D:2      | 1330 ||| Stepping ~*~*~tactically~*~*~ (hiding).
  1338 | D:2      | 1338 ||| Stepping ~*~*~tactically~*~*~ (hiding).
  1360 | D:2      | 1360 ||| DROPPING +0 club.
  1745 | D:2      | 1745 ||| FLEEEEING.
  1746 | D:2      | 1746 ||| FLEEEEING.
  1747 | D:2      | 1747 ||| FLEEEEING.
  1748 | D:2      | 1748 ||| FLEEEEING.
  1749 | D:2      | 1749 ||| FLEEEEING.
  1750 | D:2      | 1750 ||| FLEEEEING.
  1751 | D:2      | 1751 ||| FLEEEEING.
  1752 | D:2      | 1752 ||| FLEEEEING.
  1765 | D:2      | 1765 ||| READING scroll labelled ULETO TOTOE.
  1766 | D:2      | 1766 ||| READING scroll labelled MEFUWNOSSO.
  1767 | D:2      | 1767 ||| READING scroll labelled GIOXUMUYLI.
  1768 | D:2      | 1768 ||| DRINKING 2 fuming pink potions.
  1808 | D:2      | 1808 ||| DRINKING 4 fizzy yellow potions.
  1809 | D:2      | 1809 ||| DRINKING 2 metallic golden potions.
  1810 | D:2      | 1810 ||| READING 2 scrolls of identify.
  1810 | D:2      | 1810 ||| IDENTIFYING fuming red potion
  1811 | D:2      | 1811 ||| DROPPING potion of degeneration.
  1812 | D:2      | 1812 ||| DROPPING potion of flight.
  1903 | D:3      | 1903 ||| DROPPING +0 whip.
  1969 | D:3      | Found a shimmering altar of Xom.
  2034 | D:3      | Found a transporter.
  2043 | D:3      | Noticed qw's ghost (amateur GrFi)
  2051 | D:3      | Noticed a necrophage
  2062 | D:3      | Killed a necrophage
  2063 | D:3      | Reached XP level 5. HP: 30/32 MP: 5/5
  2084 | D:3      | Found a transporter.
  2232 | D:3      | 2232 ||| READING scroll of acquirement.
  2232 | D:3      | 2232 ||| ACQUIRING +2 cloak of stealth
  2232 | D:3      | Acquired a +2 cloak of stealth
  2234 | D:3      | 2234 ||| UPGRADING to +0 chain mail.
  2244 | D:3      | 2244 ||| DROPPING +0 scale mail.
  2245 | D:3      | 2245 ||| UPGRADING to +2 cloak of stealth.
  2295 | D:3      | 2295 ||| UPGRADING to +4 ring of evasion.
  2296 | D:3      | 2296 ||| READING scroll labelled GUMAOS WESSAG.
  2297 | D:3      | 2297 ||| DRINKING 2 smoky brown potions.
  2398 | D:3      | 2398 ||| READING 5 scrolls of identify.
  2398 | D:3      | 2398 ||| IDENTIFYING pink potion
  2399 | D:3      | 2399 ||| DROPPING potion of ambrosia.
  2426 | D:4      | 2426 ||| Stepping ~*~*~tactically~*~*~ (stealth).
  2427 | D:4      | 2427 ||| Stepping ~*~*~tactically~*~*~ (stealth).
  2533 | D:4      | 2533 ||| Stepping ~*~*~tactically~*~*~ (stealth).
  2546 | D:4      | Reached skill level 4 in Fighting
  2546 | D:4      | Reached XP level 6. HP: 30/39 MP: 6/6
  2618 | D:4      | Noticed Natasha
  2626 | D:4      | Killed Natasha
  2951 | D:4      | Noticed Natasha
  2958 | D:4      | Killed Natasha
  3028 | D:4      | Noticed Natasha
  3029 | D:4      | 3029 ||| Stepping ~*~*~tactically~*~*~ (stealth).
  3034 | D:4      | 3034 ||| Stepping ~*~*~tactically~*~*~ (hiding).
  3039 | D:4      | Killed Natasha
  3137 | D:4      | 3137 ||| Stepping ~*~*~tactically~*~*~ (stealth).
  3138 | D:4      | 3138 ||| Stepping ~*~*~tactically~*~*~ (stealth).
  3237 | D:4      | Found a staircase to the Ecumenical Temple.
  3238 | D:4      | 3238 ||| PLANNING TEMPLE
  3238 | D:4      | 3238 ||| FLEEEEING.
  3239 | D:4      | 3239 ||| FLEEEEING.
  3240 | D:4      | 3240 ||| FLEEEEING.
  3241 | D:4      | 3241 ||| FLEEEEING.
  3242 | D:4      | 3242 ||| FLEEEEING.
  3243 | D:4      | 3243 ||| FLEEEEING.
  3244 | D:4      | 3244 ||| FLEEEEING.
  3245 | D:4      | 3245 ||| FLEEEEING.
  3252 | D:4      | 3252 ||| FLEEEEING.
  3253 | D:4      | 3253 ||| FLEEEEING.
  3254 | D:4      | 3254 ||| FLEEEEING.
  3255 | D:4      | 3255 ||| FLEEEEING.
  3261 | D:4      | 3261 ||| FLEEEEING.
  3262 | D:4      | 3262 ||| FLEEEEING.
  3263 | D:4      | 3263 ||| STAIRDANCE
  3325 | D:3      | 3325 ||| UPGRADING to amulet of the acrobat.
  3330 | D:3      | 3330 ||| UPGRADING to ring of see invisible.
  3331 | D:3      | 3331 ||| DRINKING 2 brown potions.
  3334 | D:4      | 3334 ||| STAIRDANCE
  3338 | D:4      | 3338 ||| STAIRDANCE
  3356 | D:4      | 3356 ||| STAIRDANCE
  3368 | D:4      | Reached skill level 6 in Axes
  3368 | D:4      | 3368 ||| STAIRDANCE
  3404 | Temple   | Entered the Ecumenical Temple
  3443 | Temple   | 3443 ||| PLANNING OKAWARU WORSHIP
  3592 | Temple   | Became a worshipper of Warmaster Okawaru
  3593 | Temple   | 3593 ||| PLANNING D:1-11
  3632 | D:5      | Entered Level 5 of the Dungeon
  3639 | D:5      | Noticed Blork the orc
  3653 | D:5      | Killed Blork the orc
  3654 | D:5      | Reached skill level 1 in Dodging
  3654 | D:5      | Reached XP level 7. HP: 40/44 MP: 7/7
  3697 | D:5      | Found a shimmering blue altar of Sif Muna.
  3719 | D:5      | Noticed Duvessa
  3719 | D:5      | Noticed Dowan
  3720 | D:5      | 3720 ||| Stepping ~*~*~tactically~*~*~ (stealth).
  3722 | D:5      | 3722 ||| Stepping ~*~*~tactically~*~*~ (hiding).
  3735 | D:5      | Killed Dowan
  3738 | D:5      | Killed Duvessa
  3815 | D:5      | 3815 ||| Stepping ~*~*~tactically~*~*~ (stealth).
  3825 | D:5      | 3825 ||| Stepping ~*~*~tactically~*~*~ (stealth).
  3826 | D:5      | 3826 ||| Stepping ~*~*~tactically~*~*~ (stealth).
  3826 | D:5      | Noticed Sigmund
  3827 | D:5      | 3827 ||| Stepping ~*~*~tactically~*~*~ (hiding).
  3830 | D:5      | 3830 ||| Stepping ~*~*~tactically~*~*~ (stealth).
  3833 | D:5      | 3833 ||| DRINKING 3 potions of curing.
  3833 | D:5      | 3833 ||| (to cure confusion)
  3841 | D:5      | Killed Sigmund
  3841 | D:5      | Reached * piety under Okawaru
  3842 | D:5      | 3842 ||| Stepping ~*~*~tactically~*~*~ (stealth).
  3844 | D:5      | 3844 ||| Stepping ~*~*~tactically~*~*~ (stealth).
  3864 | D:5      | 3864 ||| READING scroll of brand weapon.
  3864 | D:5      | 3864 ||| BRANDING +0 broad axe of chaos.
  3875 | D:5      | 3875 ||| INVOKING Heroism.
  3884 | D:5      | Reached skill level 5 in Fighting
  3884 | D:5      | Reached skill level 1 in Invocations
  3884 | D:5      | Reached XP level 8. HP: 49/49 MP: 5/9
  3925 | D:5      | Noticed Prince Ribbit
  3926 | D:5      | 3926 ||| INVOKING Heroism.
  3942 | D:5      | 3942 ||| INVOKING Heroism.
  3949 | D:5      | Killed Prince Ribbit
  4026 | D:5      | 4026 ||| Stepping ~*~*~tactically~*~*~ (stealth).
  4028 | D:5      | 4028 ||| Stepping ~*~*~tactically~*~*~ (stealth).
  4029 | D:5      | 4029 ||| Stepping ~*~*~tactically~*~*~ (stealth).
  4031 | D:5      | 4031 ||| Stepping ~*~*~tactically~*~*~ (stealth).
  4037 | D:5      | Reached skill level 3 in Invocations
  4356 | D:5      | 4356 ||| UPGRADING to +0 pair of gloves.
  4361 | D:5      | 4361 ||| READING scroll labelled LEZOOK RICH.
  4362 | D:5      | 4362 ||| READING 4 scrolls labelled ONOIRA AWNE.
  4363 | D:5      | 4363 ||| READING scroll labelled CYTYBL GUCWU.
  4464 | D:5      | 4464 ||| READING 7 scrolls of identify.
  4464 | D:5      | 4464 ||| IDENTIFYING puce potion
  4465 | D:5      | 4465 ||| DROPPING 3 scrolls of noise.
  4466 | D:5      | 4466 ||| DROPPING potion of invisibility.
  4536 | D:6      | 4536 ||| INVOKING Heroism.
  4540 | D:6      | 4540 ||| Stepping ~*~*~tactically~*~*~ (stealth).
  4606 | D:6      | 4606 ||| INVOKING Heroism.
  4611 | D:6      | Reached ** piety under Okawaru
  4675 | D:6      | Noticed Pikel
  4676 | D:6      | 4676 ||| INVOKING Heroism.
  4678 | D:6      | 4678 ||| Stepping ~*~*~tactically~*~*~ (stealth).
  4688 | D:6      | Killed Pikel
  4689 | D:6      | Reached skill level 6 in Armour
  4689 | D:6      | Reached XP level 9. HP: 42/54 MP: 10/12
  4928 | D:6      | 4928 ||| Stepping ~*~*~tactically~*~*~ (hiding).
  4929 | D:6      | 4929 ||| Stepping ~*~*~tactically~*~*~ (hiding).
  4931 | D:6      | 4931 ||| INVOKING Heroism.
  4974 | D:6      | 4974 ||| Stepping ~*~*~tactically~*~*~ (stealth).
  4989 | D:6      | 4989 ||| INVOKING Heroism.
  4998 | D:6      | Reached skill level 6 in Fighting
  5080 | D:6      | Identified the +9 war axe "Kelamn" {drain, rF+}
  5082 | D:6      | 5082 ||| SWAPPING to +9 war axe "Kelamn" {drain, rF+}.
  5095 | D:6      | Noticed Grinder
  5096 | D:6      | 5096 ||| Stepping ~*~*~tactically~*~*~ (stealth).
  5122 | D:6      | 5122 ||| Stepping ~*~*~tactically~*~*~ (hiding).
  5123 | D:6      | 5123 ||| INVOKING Heroism.
  5129 | D:6      | Killed Grinder
  5620 | D:7      | 5620 ||| INVOKING Heroism.
  5621 | D:7      | 5621 ||| Stepping ~*~*~tactically~*~*~ (stealth).
  5627 | D:7      | 5627 ||| Stepping ~*~*~tactically~*~*~ (stealth).
  5653 | D:7      | 5653 ||| Stepping ~*~*~tactically~*~*~ (stealth).
  5663 | D:7      | Reached *** piety under Okawaru
  5664 | D:7      | Reached skill level 9 in Axes
  5690 | D:7      | 5690 ||| Stepping ~*~*~tactically~*~*~ (hiding).
  5828 | D:7      | Noticed Maggie
  5829 | D:7      | 5829 ||| Stepping ~*~*~tactically~*~*~ (hiding).
  5844 | D:7      | Killed Maggie
  5846 | D:7      | 5846 ||| Stepping ~*~*~tactically~*~*~ (hiding).
  5852 | D:7      | 5852 ||| INVOKING Heroism.
  6131 | D:7      | Found a runed translucent door.
  6132 | D:7      | Noticed Crazy Yiuf
  6167 | D:8      | 6167 ||| Stepping ~*~*~tactically~*~*~ (stealth).
  6168 | D:8      | 6168 ||| Stepping ~*~*~tactically~*~*~ (stealth).
  6170 | D:8      | 6170 ||| Stepping ~*~*~tactically~*~*~ (stealth).
  6172 | D:8      | 6172 ||| Stepping ~*~*~tactically~*~*~ (stealth).
  6173 | D:8      | 6173 ||| INVOKING Heroism.
  6180 | D:8      | Reached skill level 7 in Fighting
  6281 | D:8      | 6281 ||| INVOKING Heroism.
  6283 | D:8      | Reached XP level 10. HP: 63/63 MP: 10/13
  6317 | D:8      | 6317 ||| INVOKING Heroism.
  6349 | D:8      | Found a stormy altar of Qazlal.
  6350 | D:8      | 6350 ||| Stepping randomly (stuck).
  6564 | D:8      | 6564 ||| READING scroll of enchant armour.
  6564 | D:8      | 6564 ||| ENCHANTING +0 pair of gloves.
  6640 | D:8      | 6640 ||| Stepping ~*~*~tactically~*~*~ (hiding).
  6857 | D:8      | Found an ornate altar of the Wu Jian Council.
  6934 | D:8      | 6934 ||| READING 8 scrolls of identify.
  6934 | D:8      | 6934 ||| IDENTIFYING clear potion
  7135 | D:9      | 7135 ||| Stepping ~*~*~tactically~*~*~ (hiding).
  7136 | D:9      | 7136 ||| Stepping ~*~*~tactically~*~*~ (stealth).
  7148 | D:9      | 7148 ||| INVOKING Heroism.
  7167 | D:9      | 7167 ||| Stepping ~*~*~tactically~*~*~ (stealth).
  7168 | D:9      | 7168 ||| Stepping ~*~*~tactically~*~*~ (stealth).
  7169 | D:9      | 7169 ||| Stepping ~*~*~tactically~*~*~ (stealth).
  7170 | D:9      | 7170 ||| Stepping ~*~*~tactically~*~*~ (stealth).
  7173 | D:9      | Reached skill level 8 in Fighting
  7174 | D:9      | HP: 13/64 [hornet (7)]
  7175 | D:9      | 7175 ||| READING 3 scrolls of teleportation.
  7176 | D:9      | 7176 ||| DRINKING 8 potions of heal wounds.
  7177 | D:9      | Reached **** piety under Okawaru
  7178 | D:9      | 7178 ||| INVOKING Heroism.
  7180 | D:9      | 7180 ||| FLEEEEING.
  7181 | D:9      | 7181 ||| FLEEEEING.
  7182 | D:9      | 7182 ||| FLEEEEING.
  7183 | D:9      | 7183 ||| FLEEEEING.
  7184 | D:9      | 7184 ||| FLEEEEING.
  7186 | D:9      | 7186 ||| Stepping ~*~*~tactically~*~*~ (hiding).
  7187 | D:9      | 7187 ||| Stepping ~*~*~tactically~*~*~ (hiding).
  7350 | D:9      | 7350 ||| Stepping ~*~*~tactically~*~*~ (stealth).
  7379 | D:9      | 7379 ||| Stepping ~*~*~tactically~*~*~ (hiding).
  7386 | D:9      | 7386 ||| INVOKING Heroism.
  7438 | D:9      | Noticed a two-headed ogre
  7439 | D:9      | 7439 ||| INVOKING Heroism.
  7444 | D:9      | Killed a two-headed ogre
  7501 | D:9      | Noticed a two-headed ogre
  7502 | D:9      | 7502 ||| INVOKING Heroism.
  7507 | D:9      | Killed a two-headed ogre
  7508 | D:9      | Reached skill level 6 in Invocations
  7570 | D:9      | 7570 ||| INVOKING Heroism.
  7719 | D:9      | 7719 ||| UPGRADING to +0 plate armour.
  7729 | D:9      | 7729 ||| DROPPING +0 chain mail.
  7730 | D:9      | 7730 ||| READING scroll labelled WEK EPICA TUBY.
  7731 | D:9      | 7731 ||| READING 3 scrolls labelled POUSOGO FINEASCH.
  7732 | D:9      | 7732 ||| DROPPING 2 scrolls of blinking.
  7748 | D:10     | Entered Level 10 of the Dungeon
  7752 | D:10     | 7752 ||| STAIRDANCE
  7792 | D:10     | 7792 ||| INVOKING Heroism.
  7795 | D:10     | Reached XP level 11. HP: 68/68 MP: 12/15
  7850 | D:10     | 7850 ||| INVOKING Heroism.
  7851 | D:10     | 7851 ||| Stepping ~*~*~tactically~*~*~ (hiding).
  7864 | D:10     | Noticed a soul eater
  7867 | D:10     | Reached ***** piety under Okawaru
  7896 | D:10     | 7896 ||| Stepping ~*~*~tactically~*~*~ (stealth).
  7897 | D:10     | 7897 ||| Stepping ~*~*~tactically~*~*~ (stealth).
  7898 | D:10     | 7898 ||| Stepping ~*~*~tactically~*~*~ (stealth).
  7899 | D:10     | 7899 ||| Stepping ~*~*~tactically~*~*~ (stealth).
  7902 | D:10     | 7902 ||| Stepping ~*~*~tactically~*~*~ (stealth).
  7905 | D:10     | 7905 ||| Stepping ~*~*~tactically~*~*~ (stealth).
  7908 | D:10     | 7908 ||| INVOKING Heroism.
  7909 | D:10     | 7909 ||| Stepping ~*~*~tactically~*~*~ (hiding).
  7990 | D:10     | 7990 ||| Stepping ~*~*~tactically~*~*~ (stealth).
  7991 | D:10     | 7991 ||| Stepping ~*~*~tactically~*~*~ (stealth).
  7992 | D:10     | 7992 ||| Stepping ~*~*~tactically~*~*~ (stealth).
  8046 | D:10     | Noticed a boulder beetle
  8047 | D:10     | 8047 ||| Stepping ~*~*~tactically~*~*~ (stealth).
  8049 | D:10     | 8049 ||| INVOKING Heroism.
  8050 | D:10     | 8050 ||| INVOKING Finesse.
  8056 | D:10     | Killed a boulder beetle
  8145 | D:10     | Found a burning altar of Makhleb.
  8241 | D:10     | Noticed a green death
  8286 | D:10     | Found a hazy altar of Hepliaklqana.
  8385 | D:10     | Found a runed translucent gate.
  8385 | D:10     | Found a runed translucent gate.
  8388 | D:10     | Found a runed translucent gate.
  8389 | D:10     | Noticed qw's ghost (novice GrFi)
  8395 | D:10     | 8395 ||| READING scroll labelled TAGUXK SOSCH.
  8450 | D:11     | Noticed a two-headed ogre
  8451 | D:11     | 8451 ||| Stepping randomly (stuck).
  8453 | D:11     | 8453 ||| Stepping randomly (stuck).
  8493 | D:11     | 8493 ||| READING 8 scrolls of identify.
  8493 | D:11     | 8493 ||| IDENTIFYING bubbling inky potion
  8494 | D:11     | 8494 ||| DROPPING potion of brilliance.
  8495 | D:11     | 8495 ||| Stepping randomly (stuck).
  8496 | D:11     | 8496 ||| Stepping randomly (stuck).
  8497 | D:11     | 8497 ||| Stepping randomly (stuck).
  8498 | D:11     | 8498 ||| Stepping randomly (stuck).
  8499 | D:11     | 8499 ||| Stepping randomly (stuck).
  8500 | D:11     | 8500 ||| Stepping randomly (stuck).
  8501 | D:11     | 8501 ||| Stepping randomly (stuck).
  8502 | D:11     | 8502 ||| Stepping randomly (stuck).
  8503 | D:11     | 8503 ||| INVOKING Heroism.
  8539 | D:11     | 8539 ||| Stepping randomly (stuck).
  8540 | D:11     | 8540 ||| Stepping randomly (stuck).
  8541 | D:11     | 8541 ||| Stepping randomly (stuck).
  8542 | D:11     | 8542 ||| Stepping randomly (stuck).
  8543 | D:11     | 8543 ||| Stepping randomly (stuck).
  8581 | D:11     | 8581 ||| Stepping randomly (stuck).
  8582 | D:11     | 8582 ||| Stepping randomly (stuck).
  8584 | D:11     | 8584 ||| Stepping randomly (stuck).
  8585 | D:11     | 8585 ||| Stepping randomly (stuck).
  8590 | D:11     | 8590 ||| Stepping randomly (stuck).
  8591 | D:11     | 8591 ||| Stepping randomly (stuck).
  8592 | D:11     | 8592 ||| Stepping randomly (stuck).
  8593 | D:11     | 8593 ||| Stepping randomly (stuck).
  8596 | D:11     | 8596 ||| Stepping randomly (stuck).
  8598 | D:11     | 8598 ||| Stepping randomly (stuck).
  8599 | D:11     | 8599 ||| Stepping randomly (stuck).
  8600 | D:11     | 8600 ||| Stepping randomly (stuck).
  8601 | D:11     | 8601 ||| Stepping randomly (stuck).
  8602 | D:11     | 8602 ||| Stepping randomly (stuck).
  8603 | D:11     | 8603 ||| Stepping randomly (stuck).
  8604 | D:11     | 8604 ||| Stepping randomly (stuck).
  8690 | D:11     | 8690 ||| Stepping ~*~*~tactically~*~*~ (stealth).
  8691 | D:11     | 8691 ||| INVOKING Heroism.
  8716 | D:11     | 8716 ||| Stepping ~*~*~tactically~*~*~ (stealth).
  8800 | D:11     | Found a staircase to the Lair.
  8800 | D:11     | Noticed a death yak
  8800 | D:11     | Noticed a death yak
  8801 | D:11     | 8801 ||| INVOKING Heroism.
  8809 | D:11     | Noticed a death yak
  8814 | D:11     | Killed a death yak
  8814 | D:11     | Received a gift from Okawaru
  8815 | D:11     | Reached skill level 9 in Fighting
  8815 | D:11     | 8815 ||| INVOKING Finesse.
  8819 | D:11     | Reached skill level 9 in Invocations
  8825 | D:11     | Killed a death yak
  8825 | D:11     | Received a gift from Okawaru
  8830 | D:11     | Killed a death yak
  8920 | D:11     | 8920 ||| Stepping ~*~*~tactically~*~*~ (stealth).
  8923 | D:11     | 8923 ||| Stepping ~*~*~tactically~*~*~ (stealth).
  8924 | D:11     | 8924 ||| INVOKING Heroism.
  9337 | D:11     | Found a staircase to the Orcish Mines.
  9685 | D:11     | 9685 ||| INVOKING Heroism.
  9690 | D:11     | Killed a two-headed ogre
  9691 | D:11     | Reached skill level 3 in Throwing
  9691 | D:11     | Reached XP level 12. HP: 76/76 MP: 16/19
  9724 | D:11     | 9724 ||| PLANNING LAIR
  9724 | D:11     | 9724 ||| DROPPING +6 ring of intelligence.
  9785 | Lair:1   | Entered Level 1 of the Lair of Beasts
  9918 | Lair:1   | 9918 ||| INVOKING Heroism.
 10235 | Lair:1   | 10235 ||| INVOKING Heroism.
 10244 | Lair:1   | Identified the +3 buckler of qw's Indomitability {rF+}
                  | (Okawaru gifted it to you on level 1 of the Lair of Beasts)
 10244 | Lair:1   | Received a gift from Okawaru
 10262 | Lair:1   | 10262 ||| Stepping ~*~*~tactically~*~*~ (hiding).
 10263 | Lair:1   | 10263 ||| Stepping ~*~*~tactically~*~*~ (hiding).
 10264 | Lair:1   | 10264 ||| Stepping ~*~*~tactically~*~*~ (hiding).
 10389 | Lair:1   | Noticed Erica
 10390 | Lair:1   | 10390 ||| INVOKING Heroism.
 10391 | Lair:1   | 10391 ||| INVOKING Finesse.
 10396 | Lair:1   | Killed Erica
 10397 | Lair:1   | Reached skill level 12 in Axes
 11200 | Lair:1   | 11200 ||| UPGRADING to +3 buckler of qw's Indomitability
                  | {rF+}.
 11210 | Lair:1   | 11210 ||| DROPPING +0 buckler.
 11211 | Lair:1   | 11211 ||| UPGRADING to +0 helmet.
 11216 | Lair:1   | 11216 ||| READING 11 scrolls of identify.
 11216 | Lair:1   | 11216 ||| IDENTIFYING bubbling pink potion
 11243 | Lair:2   | 11243 ||| INVOKING Heroism.
 11255 | Lair:2   | Found a hole to the Spider Nest.
 11297 | Lair:2   | 11297 ||| Stepping ~*~*~tactically~*~*~ (stealth).
 11302 | Lair:2   | 11302 ||| Stepping ~*~*~tactically~*~*~ (stealth).
 11312 | Lair:2   | 11312 ||| Stepping ~*~*~tactically~*~*~ (stealth).
 11316 | Lair:2   | 11316 ||| INVOKING Heroism.
 11323 | Lair:2   | Reached skill level 9 in Armour
 11333 | Lair:2   | 11333 ||| STAIRDANCE
 11336 | Lair:1   | Reached skill level 6 in Shields
 11372 | Lair:1   | 11372 ||| UPGRADING to +2 helmet.
 11382 | Lair:1   | 11382 ||| DROPPING +0 helmet.
 11443 | Lair:2   | 11443 ||| Stepping ~*~*~tactically~*~*~ (hiding).
 11458 | Lair:2   | 11458 ||| FLEEEEING.
 11459 | Lair:2   | 11459 ||| FLEEEEING.
 11460 | Lair:2   | 11460 ||| FLEEEEING.
 11461 | Lair:2   | 11461 ||| INVOKING Heroism.
 11462 | Lair:2   | 11462 ||| Stepping ~*~*~tactically~*~*~ (hiding).
 11526 | Lair:2   | 11526 ||| Stepping ~*~*~tactically~*~*~ (stealth).
 11533 | Lair:2   | 11533 ||| Stepping ~*~*~tactically~*~*~ (stealth).
 11536 | Lair:2   | 11536 ||| INVOKING Heroism.
 11544 | Lair:2   | Reached skill level 10 in Fighting
 11563 | Lair:2   | 11563 ||| Stepping ~*~*~tactically~*~*~ (hiding).
 11564 | Lair:2   | 11564 ||| Stepping ~*~*~tactically~*~*~ (hiding).
 11614 | Lair:2   | 11614 ||| FLEEEEING.
 11615 | Lair:2   | 11615 ||| FLEEEEING.
 11620 | Lair:2   | 11620 ||| INVOKING Heroism.
 11696 | Lair:2   | 11696 ||| INVOKING Heroism.
 11755 | Lair:2   | 11755 ||| INVOKING Heroism.
 11879 | Lair:2   | Received a gift from Okawaru
 11924 | Lair:2   | Reached XP level 13. HP: 82/82 MP: 20/20
 11940 | Lair:2   | 11940 ||| Stepping ~*~*~tactically~*~*~ (stealth).
 11941 | Lair:2   | 11941 ||| INVOKING Heroism.
 11947 | Lair:2   | 11947 ||| Stepping ~*~*~tactically~*~*~ (stealth).
 11965 | Lair:2   | 11965 ||| Stepping ~*~*~tactically~*~*~ (stealth).
 11968 | Lair:2   | 11968 ||| Stepping ~*~*~tactically~*~*~ (stealth).
 11970 | Lair:2   | 11970 ||| INVOKING Heroism.
 12022 | Lair:2   | 12022 ||| INVOKING Heroism.
 12344 | Lair:2   | 12344 ||| Stepping ~*~*~tactically~*~*~ (stealth).
 12406 | Lair:2   | 12406 ||| DROPPING +2 helmet of intelligence.
 12437 | Lair:3   | 12437 ||| Stepping ~*~*~tactically~*~*~ (hiding).
 12439 | Lair:3   | 12439 ||| Stepping ~*~*~tactically~*~*~ (hiding).
 12441 | Lair:3   | 12441 ||| INVOKING Heroism.
 12455 | Lair:3   | 12455 ||| Stepping ~*~*~tactically~*~*~ (stealth).
 12457 | Lair:3   | 12457 ||| Stepping ~*~*~tactically~*~*~ (hiding).
 12458 | Lair:3   | 12458 ||| SWAPPING to +1 vampiric demon whip.
 12459 | Lair:3   | 12459 ||| INVOKING Finesse.
 12468 | Lair:3   | 12468 ||| SWAPPING to +9 war axe "Kelamn" {drain, rF+}.
 12595 | Lair:3   | You fall into a shaft and drop 2 floors!
 12595 | Lair:5   | Entered Level 5 of the Lair of Beasts
 12657 | Lair:5   | 12657 ||| INVOKING Heroism.
 12659 | Lair:5   | 12659 ||| Stepping ~*~*~tactically~*~*~ (stealth).
 12689 | Lair:5   | 12689 ||| Stepping ~*~*~tactically~*~*~ (stealth).
 12691 | Lair:5   | 12691 ||| Stepping ~*~*~tactically~*~*~ (stealth).
 12709 | Lair:5   | Found a staircase to the Slime Pits.
 12709 | Lair:5   | Found a viscous altar of Jiyva.
 12729 | Lair:4   | 12729 ||| INVOKING Heroism.
 12746 | Lair:4   | 12746 ||| SWAPPING to +2 broad axe of electrocution.
 12747 | Lair:4   | 12747 ||| DROPPING +1 broad axe of venom.
 12748 | Lair:4   | 12748 ||| READING 2 scrolls of brand weapon.
 12748 | Lair:4   | 12748 ||| BRANDING +2 broad axe of electrocution.
 12749 | Lair:4   | 12749 ||| SWAPPING to +9 war axe "Kelamn" {drain, rF+}.
 12774 | Lair:3   | 12774 ||| Stepping ~*~*~tactically~*~*~ (stealth).
 12776 | Lair:3   | 12776 ||| INVOKING Heroism.
 12855 | Lair:3   | 12855 ||| INVOKING Heroism.
 12856 | Lair:3   | 12856 ||| INVOKING Finesse.
 12858 | Lair:3   | 12858 ||| SWAPPING to +1 vampiric demon whip.
 12867 | Lair:3   | 12867 ||| SWAPPING to +9 war axe "Kelamn" {drain, rF+}.
 13045 | Lair:3   | Found an ornate altar of the Wu Jian Council.
 13047 | Lair:3   | 13047 ||| INVOKING Heroism.
 13108 | Lair:3   | 13108 ||| INVOKING Heroism.
 13145 | Lair:3   | 13145 ||| INVOKING Heroism.
 13173 | Lair:3   | 13173 ||| SWAPPING to +1 vampiric demon whip.
 13174 | Lair:3   | 13174 ||| INVOKING Finesse.
 13176 | Lair:3   | 13176 ||| INVOKING Heroism.
 13181 | Lair:3   | 13181 ||| SWAPPING to +9 war axe "Kelamn" {drain, rF+}.
 13237 | Lair:3   | 13237 ||| INVOKING Heroism.
 13294 | Lair:3   | 13294 ||| INVOKING Heroism.
 13513 | Lair:3   | 13513 ||| READING scroll of enchant armour.
 13513 | Lair:3   | 13513 ||| ENCHANTING +1 pair of gloves.
 13563 | Lair:3   | 13563 ||| INVOKING Heroism.
 13589 | Lair:3   | 13589 ||| Stepping ~*~*~tactically~*~*~ (stealth).
 13597 | Lair:3   | 13597 ||| INVOKING Heroism.
 13607 | Lair:3   | Reached skill level 11 in Fighting
 13742 | Lair:3   | 13742 ||| INVOKING Heroism.
 13772 | Lair:3   | Found a staircase to the Swamp.
 13986 | Lair:3   | 13986 ||| Stepping ~*~*~tactically~*~*~ (hiding).
 14097 | Lair:3   | 14097 ||| INVOKING Heroism.
 14128 | Lair:3   | 14128 ||| INVOKING Heroism.
 14177 | Lair:3   | 14177 ||| INVOKING Heroism.
 14232 | Lair:3   | 14232 ||| INVOKING Heroism.
 14262 | Lair:3   | 14262 ||| INVOKING Heroism.
 14500 | Lair:3   | 14500 ||| Stepping ~*~*~tactically~*~*~ (hiding).
 14501 | Lair:3   | 14501 ||| Stepping ~*~*~tactically~*~*~ (hiding).
 14504 | Lair:3   | 14504 ||| Stepping ~*~*~tactically~*~*~ (hiding).
 14505 | Lair:3   | 14505 ||| Stepping ~*~*~tactically~*~*~ (hiding).
 14512 | Lair:3   | 14512 ||| Stepping ~*~*~tactically~*~*~ (hiding).
 14719 | Lair:4   | 14719 ||| INVOKING Heroism.
 14720 | Lair:4   | 14720 ||| SWAPPING to +1 vampiric demon whip.
 14727 | Lair:4   | 14727 ||| Stepping ~*~*~tactically~*~*~ (outnumbered).
 14728 | Lair:4   | 14728 ||| Stepping ~*~*~tactically~*~*~ (outnumbered).
 14731 | Lair:4   | 14731 ||| SWAPPING to +9 war axe "Kelamn" {drain, rF+}.
 14733 | Lair:4   | 14733 ||| SWAPPING to +1 vampiric demon whip.
 14735 | Lair:4   | 14735 ||| SWAPPING to +9 war axe "Kelamn" {drain, rF+}.
 14737 | Lair:4   | 14737 ||| SWAPPING to +1 vampiric demon whip.
 14738 | Lair:4   | 14738 ||| SWAPPING to +9 war axe "Kelamn" {drain, rF+}.
 14740 | Lair:4   | 14740 ||| SWAPPING to +1 vampiric demon whip.
 14742 | Lair:4   | 14742 ||| SWAPPING to +9 war axe "Kelamn" {drain, rF+}.
 14744 | Lair:4   | 14744 ||| SWAPPING to +1 vampiric demon whip.
 14746 | Lair:4   | 14746 ||| SWAPPING to +9 war axe "Kelamn" {drain, rF+}.
 14840 | Lair:4   | 14840 ||| Stepping ~*~*~tactically~*~*~ (stealth).
 14844 | Lair:4   | 14844 ||| Stepping ~*~*~tactically~*~*~ (stealth).
 14868 | Lair:4   | 14868 ||| Stepping ~*~*~tactically~*~*~ (stealth).
 15028 | Lair:4   | 15028 ||| INVOKING Heroism.
 15031 | Lair:4   | 15031 ||| Stepping ~*~*~tactically~*~*~ (stealth).
 15219 | Lair:4   | 15219 ||| INVOKING Heroism.
 15233 | Lair:4   | Gained mutation: Your large and strong wings let you fly.
                  | [Gargoyle growth]
 15233 | Lair:4   | Reached XP level 14. HP: 90/90 MP: 19/21
 15249 | Lair:4   | Reached skill level 15 in Axes
 15298 | Lair:4   | 15298 ||| INVOKING Heroism.
 15873 | Lair:4   | 15873 ||| DROPPING +2 pair of gloves.
 15928 | Lair:5   | 15928 ||| INVOKING Heroism.
 15929 | Lair:5   | 15929 ||| Stepping ~*~*~tactically~*~*~ (stealth).
 15957 | Lair:5   | 15957 ||| Stepping ~*~*~tactically~*~*~ (stealth).
 15958 | Lair:5   | 15958 ||| Stepping ~*~*~tactically~*~*~ (stealth).
 16027 | Lair:5   | 16027 ||| INVOKING Heroism.
 16059 | Lair:5   | 16059 ||| SWAPPING to +1 vampiric demon whip.
 16062 | Lair:5   | 16062 ||| Stepping ~*~*~tactically~*~*~ (outnumbered).
 16066 | Lair:5   | 16066 ||| INVOKING Finesse.
 16067 | Lair:5   | 16067 ||| Stepping ~*~*~tactically~*~*~ (outnumbered).
 16068 | Lair:5   | 16068 ||| Stepping ~*~*~tactically~*~*~ (outnumbered).
 16069 | Lair:5   | 16069 ||| Stepping ~*~*~tactically~*~*~ (outnumbered).
 16070 | Lair:5   | 16070 ||| INVOKING Heroism.
 16071 | Lair:5   | 16071 ||| Stepping ~*~*~tactically~*~*~ (outnumbered).
 16072 | Lair:5   | 16072 ||| Stepping ~*~*~tactically~*~*~ (outnumbered).
 16073 | Lair:5   | 16073 ||| Stepping ~*~*~tactically~*~*~ (outnumbered).
 16074 | Lair:5   | 16074 ||| Stepping ~*~*~tactically~*~*~ (outnumbered).
 16075 | Lair:5   | 16075 ||| Stepping ~*~*~tactically~*~*~ (outnumbered).
 16076 | Lair:5   | 16076 ||| Stepping ~*~*~tactically~*~*~ (outnumbered).
 16077 | Lair:5   | 16077 ||| Stepping ~*~*~tactically~*~*~ (outnumbered).
 16078 | Lair:5   | 16078 ||| Stepping ~*~*~tactically~*~*~ (outnumbered).
 16079 | Lair:5   | 16079 ||| Stepping ~*~*~tactically~*~*~ (outnumbered).
 16080 | Lair:5   | 16080 ||| Stepping ~*~*~tactically~*~*~ (outnumbered).
 16081 | Lair:5   | 16081 ||| Stepping ~*~*~tactically~*~*~ (outnumbered).
 16092 | Lair:5   | 16092 ||| SWAPPING to +9 war axe "Kelamn" {drain, rF+}.
 16124 | Lair:5   | 16124 ||| Stepping ~*~*~tactically~*~*~ (stealth).
 16129 | Lair:5   | Received a gift from Okawaru
 16143 | Lair:5   | 16143 ||| INVOKING Heroism.
 16144 | Lair:5   | 16144 ||| INVOKING Finesse.
 16145 | Lair:5   | 16145 ||| INVOKING Finesse.
 16147 | Lair:5   | 16147 ||| SWAPPING to +1 vampiric demon whip.
 16161 | Lair:5   | 16161 ||| SWAPPING to +9 war axe "Kelamn" {drain, rF+}.
 16237 | Lair:5   | 16237 ||| INVOKING Heroism.
 16241 | Lair:5   | 16241 ||| SWAPPING to +1 vampiric demon whip.
 16243 | Lair:5   | 16243 ||| Stepping ~*~*~tactically~*~*~ (outnumbered).
 16244 | Lair:5   | 16244 ||| Stepping ~*~*~tactically~*~*~ (outnumbered).
 16245 | Lair:5   | 16245 ||| Stepping ~*~*~tactically~*~*~ (outnumbered).
 16246 | Lair:5   | 16246 ||| Stepping ~*~*~tactically~*~*~ (outnumbered).
 16249 | Lair:5   | 16249 ||| SWAPPING to +9 war axe "Kelamn" {drain, rF+}.
 16251 | Lair:5   | 16251 ||| SWAPPING to +1 vampiric demon whip.
 16259 | Lair:5   | 16259 ||| SWAPPING to +9 war axe "Kelamn" {drain, rF+}.
 16309 | Lair:5   | 16309 ||| Stepping ~*~*~tactically~*~*~ (stealth).
 16310 | Lair:5   | 16310 ||| Stepping ~*~*~tactically~*~*~ (stealth).
 16313 | Lair:5   | 16313 ||| INVOKING Heroism.
 16420 | Lair:5   | 16420 ||| Stepping ~*~*~tactically~*~*~ (hiding).
 16422 | Lair:5   | 16422 ||| INVOKING Heroism.
 16423 | Lair:5   | 16423 ||| INVOKING Finesse.
 16483 | Lair:5   | 16483 ||| INVOKING Heroism.
 16485 | Lair:5   | 16485 ||| Stepping ~*~*~tactically~*~*~ (stealth).
 16494 | Lair:5   | Received a gift from Okawaru
 16495 | Lair:5   | 16495 ||| INVOKING Finesse.
 16508 | Lair:5   | Reached skill level 12 in Fighting
 16510 | Lair:5   | 16510 ||| Stepping ~*~*~tactically~*~*~ (stealth).
 16515 | Lair:5   | 16515 ||| Stepping ~*~*~tactically~*~*~ (hiding).
 16516 | Lair:5   | 16516 ||| Stepping ~*~*~tactically~*~*~ (stealth).
 16518 | Lair:5   | 16518 ||| Stepping ~*~*~tactically~*~*~ (hiding).
 16574 | Lair:5   | 16574 ||| Stepping ~*~*~tactically~*~*~ (stealth).
 16585 | Lair:5   | 16585 ||| INVOKING Heroism.
 16586 | Lair:5   | 16586 ||| INVOKING Finesse.
 16601 | Lair:5   | Received a gift from Okawaru
 16657 | Lair:5   | 16657 ||| INVOKING Heroism.
 16658 | Lair:5   | 16658 ||| INVOKING Finesse.
 16736 | Lair:5   | 16736 ||| INVOKING Heroism.
 17158 | Lair:5   | 17158 ||| PLANNING D
 17158 | Lair:5   | 17158 ||| READING scroll labelled JIMONEATRYE.
 17159 | Lair:5   | 17159 ||| READING scroll labelled XYF LIORGHADIYSUSUA.
 17299 | D:12     | 17299 ||| PLANNING GAUNTLET
 17485 | D:12     | 17485 ||| Stepping ~*~*~tactically~*~*~ (stealth).
 17486 | D:12     | 17486 ||| Stepping ~*~*~tactically~*~*~ (stealth).
 17488 | D:12     | 17488 ||| INVOKING Heroism.
 17532 | D:12     | Found a frozen archway.
 17652 | D:12     | 17652 ||| Stepping ~*~*~tactically~*~*~ (stealth).
 17654 | D:12     | 17654 ||| Stepping ~*~*~tactically~*~*~ (stealth).
 17692 | D:12     | 17692 ||| INVOKING Heroism.
 17693 | D:12     | 17693 ||| INVOKING Finesse.
 17795 | D:12     | 17795 ||| READING scroll of enchant armour.
 17795 | D:12     | 17795 ||| ENCHANTING +0 plate armour.
 17832 | D:12     | 17832 ||| Stepping ~*~*~tactically~*~*~ (hiding).
 17851 | D:12     | Received a gift from Okawaru
 18023 | D:12     | You are sucked into a shaft and drop 2 floors!
 18052 | D:14     | 18052 ||| Stepping ~*~*~tactically~*~*~ (hiding).
 18057 | D:14     | 18057 ||| INVOKING Heroism.
 18067 | D:14     | Reached skill level 3 in Dodging
 18124 | D:14     | 18124 ||| RIP GAUNTLET
 18124 | D:14     | 18124 ||| PLANNING D
 18134 | D:13     | 18134 ||| INVOKING Heroism.
 18140 | D:13     | Reached XP level 15. HP: 96/96 MP: 19/22
 18368 | D:13     | Noticed Rupert
 18369 | D:13     | 18369 ||| INVOKING Heroism.
 18370 | D:13     | 18370 ||| INVOKING Finesse.
 18378 | D:13     | Killed Rupert
 18379 | D:13     | Reached skill level 12 in Armour
 18475 | D:13     | 18475 ||| Stepping ~*~*~tactically~*~*~ (stealth).
 18477 | D:13     | 18477 ||| Stepping ~*~*~tactically~*~*~ (hiding).
 18847 | D:13     | 18847 ||| INVOKING Heroism.
 18848 | D:13     | 18848 ||| Stepping ~*~*~tactically~*~*~ (stealth).
 18853 | D:13     | 18853 ||| Stepping ~*~*~tactically~*~*~ (stealth).
 18855 | D:13     | 18855 ||| Stepping ~*~*~tactically~*~*~ (hiding).
 18857 | D:13     | 18857 ||| Stepping ~*~*~tactically~*~*~ (hiding).
 18968 | D:13     | Found a gate to the Vaults.
 19098 | D:13     | 19098 ||| Stepping ~*~*~tactically~*~*~ (hiding).
 19235 | D:13     | 19235 ||| UPGRADING to amulet of reflection.
 19245 | D:13     | 19245 ||| DROPPING amulet of the acrobat.
 19246 | D:13     | 19246 ||| DROPPING ring of magical power.
 19336 | D:14     | Reached skill level 13 in Fighting
 19463 | D:14     | 19463 ||| INVOKING Heroism.
 19464 | D:14     | 19464 ||| INVOKING Finesse.
 19466 | D:14     | 19466 ||| SWAPPING to +1 vampiric demon whip.
 19475 | D:14     | 19475 ||| SWAPPING to +9 war axe "Kelamn" {drain, rF+}.
 19543 | D:14     | 19543 ||| INVOKING Heroism.
 19558 | D:14     | Reached skill level 6 in Throwing
 19559 | D:14     | Received a gift from Okawaru
 19649 | D:14     | 19649 ||| INVOKING Heroism.
 19752 | D:14     | 19752 ||| Stepping ~*~*~tactically~*~*~ (hiding).
 20131 | D:14     | 20131 ||| INVOKING Heroism.
 20422 | D:14     | 20422 ||| DROPPING +2 cloak of poison resistance.
 20450 | D:15     | Entered Level 15 of the Dungeon
 20451 | D:15     | 20451 ||| INVOKING Heroism.
 20468 | D:15     | Reached skill level 9 in Shields
 20471 | D:15     | 20471 ||| INVOKING Heroism.
 20480 | D:15     | Received a gift from Okawaru
 20657 | D:15     | 20657 ||| Stepping ~*~*~tactically~*~*~ (stealth).
 20702 | D:15     | 20702 ||| INVOKING Heroism.
 20788 | D:15     | 20788 ||| FLEEEEING.
 20792 | D:15     | 20792 ||| FLEEEEING.
 20793 | D:15     | 20793 ||| STAIRDANCE
 20820 | D:15     | 20820 ||| STAIRDANCE
 20822 | D:14     | 20822 ||| INVOKING Heroism.
 20860 | D:15     | 20860 ||| Stepping ~*~*~tactically~*~*~ (hiding).
 20861 | D:15     | 20861 ||| Stepping ~*~*~tactically~*~*~ (hiding).
 20862 | D:15     | Found a staircase to the Depths.
 20941 | D:15     | 20941 ||| READING 2 scrolls of enchant armour.
 20941 | D:15     | 20941 ||| ENCHANTING +1 plate armour.
 20942 | D:15     | 20942 ||| READING scroll of enchant armour.
 20942 | D:15     | 20942 ||| ENCHANTING +2 plate armour.
 21029 | D:15     | 21029 ||| FLEEEEING.
 21030 | D:15     | 21030 ||| FLEEEEING.
 21031 | D:15     | 21031 ||| FLEEEEING.
 21032 | D:15     | 21032 ||| FLEEEEING.
 21033 | D:15     | 21033 ||| FLEEEEING.
 21034 | D:15     | 21034 ||| FLEEEEING.
 21035 | D:15     | 21035 ||| STAIRDANCE
 21108 | D:15     | 21108 ||| INVOKING Heroism.
 21162 | D:15     | 21162 ||| INVOKING Heroism.
 21402 | D:15     | 21402 ||| Stepping randomly (cloudy).
 21403 | D:15     | Noticed Roxanne
 21404 | D:15     | 21404 ||| INVOKING Heroism.
 21405 | D:15     | 21405 ||| INVOKING Finesse.
 21436 | D:15     | Killed Roxanne
 21437 | D:15     | Reached skill level 14 in Fighting
 21485 | D:15     | 21485 ||| Stepping ~*~*~tactically~*~*~ (hiding).
 21487 | D:15     | 21487 ||| Stepping ~*~*~tactically~*~*~ (hiding).
 21653 | D:15     | 21653 ||| FLEEEEING.
 21654 | D:15     | 21654 ||| FLEEEEING.
 21655 | D:15     | 21655 ||| FLEEEEING.
 21656 | D:15     | 21656 ||| FLEEEEING.
 21657 | D:15     | 21657 ||| FLEEEEING.
 21671 | D:15     | 21671 ||| FLEEEEING.
 21686 | D:15     | 21686 ||| FLEEEEING.
 21687 | D:15     | 21687 ||| FLEEEEING.
 21704 | D:15     | 21704 ||| FLEEEEING.
 21705 | D:15     | 21705 ||| FLEEEEING.
 21706 | D:15     | 21706 ||| FLEEEEING.
 21707 | D:15     | 21707 ||| FLEEEEING.
 21708 | D:15     | 21708 ||| FLEEEEING.
 21709 | D:15     | 21709 ||| FLEEEEING.
 21894 | D:15     | Noticed Josephine
 21895 | D:15     | 21895 ||| INVOKING Heroism.
 21904 | D:15     | Received a gift from Okawaru
 21907 | D:15     | Killed Josephine
 22029 | D:15     | 22029 ||| PLANNING ORC
 22138 | Orc:1    | Entered Level 1 of the Orcish Mines
 22146 | Orc:1    | Noticed Erolcha
 22151 | Orc:1    | Killed Erolcha
 22168 | Orc:1    | 22168 ||| Stepping ~*~*~tactically~*~*~ (hiding).
 22169 | Orc:1    | 22169 ||| Stepping ~*~*~tactically~*~*~ (hiding).
 22170 | Orc:1    | 22170 ||| Stepping ~*~*~tactically~*~*~ (hiding).
 22172 | Orc:1    | 22172 ||| Stepping ~*~*~tactically~*~*~ (hiding).
 22173 | Orc:1    | 22173 ||| Stepping ~*~*~tactically~*~*~ (stealth).
 22176 | Orc:1    | 22176 ||| INVOKING Heroism.
 22179 | Orc:1    | 22179 ||| Stepping ~*~*~tactically~*~*~ (hiding).
 22428 | Orc:1    | 22428 ||| INVOKING Heroism.
 22431 | Orc:1    | 22431 ||| Stepping ~*~*~tactically~*~*~ (hiding).
 22459 | Orc:1    | Reached XP level 16. HP: 103/107 MP: 23/23
 22473 | Orc:1    | Reached skill level 15 in Fighting
 22477 | Orc:1    | 22477 ||| Stepping ~*~*~tactically~*~*~ (hiding).
 22606 | Orc:2    | Entered Level 2 of the Orcish Mines
 22607 | Orc:2    | 22607 ||| STAIRDANCE
 22612 | Orc:2    | 22612 ||| STAIRDANCE
 22620 | Orc:2    | 22620 ||| STAIRDANCE
 22622 | Orc:1    | 22622 ||| INVOKING Heroism.
 22623 | Orc:1    | 22623 ||| INVOKING Finesse.
 22677 | Orc:2    | 22677 ||| Stepping ~*~*~tactically~*~*~ (hiding).
 22680 | Orc:2    | 22680 ||| STAIRDANCE
 22701 | Orc:2    | 22701 ||| STAIRDANCE
 22712 | Orc:2    | 22712 ||| INVOKING Heroism.
 22733 | Orc:2    | 22733 ||| INVOKING Heroism.
 22868 | Orc:2    | Found a staircase to the Elven Halls.
 22895 | Orc:2    | 22895 ||| INVOKING Heroism.
 22897 | Orc:2    | 22897 ||| Stepping ~*~*~tactically~*~*~ (hiding).
 22898 | Orc:2    | 22898 ||| Stepping ~*~*~tactically~*~*~ (hiding).
 22967 | Orc:2    | 22967 ||| INVOKING Heroism.
 22969 | Orc:2    | 22969 ||| Stepping ~*~*~tactically~*~*~ (hiding).
 22995 | Orc:2    | Found Irugazxie's Antique Weapon Shop.
 23015 | Orc:2    | 23015 ||| Stepping ~*~*~tactically~*~*~ (stealth).
 23016 | Orc:2    | 23016 ||| INVOKING Heroism.
 23029 | Orc:2    | Paralysed by an orc sorcerer for 2 turns
 23039 | Orc:2    | Found Loesudo's Book Shoppe.
 23135 | Orc:2    | 23135 ||| INVOKING Heroism.
 23144 | Orc:2    | Received a gift from Okawaru
 23177 | Orc:2    | 23177 ||| Stepping ~*~*~tactically~*~*~ (stealth).
 23178 | Orc:2    | 23178 ||| Stepping ~*~*~tactically~*~*~ (stealth).
 23179 | Orc:2    | 23179 ||| Stepping ~*~*~tactically~*~*~ (stealth).
 23180 | Orc:2    | 23180 ||| Stepping ~*~*~tactically~*~*~ (stealth).
 23181 | Orc:2    | 23181 ||| Stepping ~*~*~tactically~*~*~ (stealth).
 23207 | Orc:1    | 23207 ||| INVOKING Heroism.
 23392 | Orc:2    | Found Ograegoy's Distillery.
 23393 | Orc:2    | 23393 ||| Stepping ~*~*~tactically~*~*~ (hiding).
 23396 | Orc:2    | 23396 ||| FLEEEEING.
 23397 | Orc:2    | 23397 ||| FLEEEEING.
 23398 | Orc:2    | 23398 ||| FLEEEEING.
 23399 | Orc:2    | 23399 ||| INVOKING Heroism.
 23557 | Orc:2    | 23557 ||| BUYING potion of attraction (36 gold).
 23557 | Orc:2    | Bought a potion of attraction for 36 gold pieces
 23557 | Orc:2    | 23557 ||| BUYING potion of cancellation (96 gold).
 23557 | Orc:2    | Bought a potion of cancellation for 96 gold pieces
 23557 | Orc:2    | 23557 ||| BUYING potion of heal wounds (60 gold).
 23557 | Orc:2    | Bought a potion of heal wounds for 60 gold pieces
 23568 | Orc:2    | Found Bataikhiyf's Magic Scroll Shoppe.
 23583 | Orc:2    | 23583 ||| BUYING scroll of enchant armour (120 gold).
 23583 | Orc:2    | Bought a scroll of enchant armour for 120 gold pieces
 23583 | Orc:2    | 23583 ||| BUYING scroll of enchant weapon (120 gold).
 23583 | Orc:2    | Bought a scroll of enchant weapon for 120 gold pieces
 23583 | Orc:2    | 23583 ||| BUYING scroll of enchant weapon (120 gold).
 23583 | Orc:2    | Bought a scroll of enchant weapon for 120 gold pieces
 23583 | Orc:2    | 23583 ||| BUYING scroll of teleportation (48 gold).
 23583 | Orc:2    | Bought a scroll of teleportation for 48 gold pieces
 23583 | Orc:2    | 23583 ||| READING scroll of enchant armour.
 23583 | Orc:2    | 23583 ||| ENCHANTING +3 plate armour.
 23681 | Orc:2    | 23681 ||| PLANNING SWAMP:1-3
 23843 | Swamp:1  | Entered Level 1 of the Swamp
 23844 | Swamp:1  | 23844 ||| INVOKING Heroism.
 24007 | Swamp:1  | 24007 ||| INVOKING Heroism.
 24009 | Swamp:1  | 24009 ||| SWAPPING to +1 vampiric demon whip.
 24012 | Swamp:1  | 24012 ||| Stepping ~*~*~tactically~*~*~ (outnumbered).
 24013 | Swamp:1  | 24013 ||| Stepping ~*~*~tactically~*~*~ (outnumbered).
 24014 | Swamp:1  | 24014 ||| Stepping ~*~*~tactically~*~*~ (outnumbered).
 24016 | Swamp:1  | 24016 ||| Stepping ~*~*~tactically~*~*~ (outnumbered).
 24017 | Swamp:1  | 24017 ||| Stepping ~*~*~tactically~*~*~ (outnumbered).
 24018 | Swamp:1  | 24018 ||| Stepping ~*~*~tactically~*~*~ (outnumbered).
 24019 | Swamp:1  | 24019 ||| Stepping ~*~*~tactically~*~*~ (outnumbered).
 24020 | Swamp:1  | 24020 ||| Stepping ~*~*~tactically~*~*~ (outnumbered).
 24021 | Swamp:1  | 24021 ||| Stepping ~*~*~tactically~*~*~ (outnumbered).
 24026 | Swamp:1  | 24026 ||| SWAPPING to +9 war axe "Kelamn" {drain, rF+}.
 24124 | Swamp:1  | Received a gift from Okawaru
 24228 | Swamp:1  | 24228 ||| INVOKING Heroism.
 24389 | Swamp:1  | Received a gift from Okawaru
 24728 | Swamp:2  | 24728 ||| INVOKING Heroism.
 24735 | Swamp:2  | 24735 ||| SWAPPING to +1 vampiric demon whip.
 24739 | Swamp:2  | 24739 ||| Stepping ~*~*~tactically~*~*~ (outnumbered).
 24740 | Swamp:2  | 24740 ||| Stepping ~*~*~tactically~*~*~ (outnumbered).
 24741 | Swamp:2  | 24741 ||| Stepping ~*~*~tactically~*~*~ (outnumbered).
 24742 | Swamp:2  | 24742 ||| Stepping ~*~*~tactically~*~*~ (outnumbered).
 24743 | Swamp:2  | 24743 ||| Stepping ~*~*~tactically~*~*~ (outnumbered).
 24747 | Swamp:2  | 24747 ||| SWAPPING to +9 war axe "Kelamn" {drain, rF+}.
 24750 | Swamp:2  | 24750 ||| SWAPPING to +1 vampiric demon whip.
 24751 | Swamp:2  | 24751 ||| Stepping ~*~*~tactically~*~*~ (outnumbered).
 24753 | Swamp:2  | 24753 ||| INVOKING Heroism.
 24757 | Swamp:2  | 24757 ||| SWAPPING to +9 war axe "Kelamn" {drain, rF+}.
 24765 | Swamp:2  | HP: 15/108 [bog body (19)]
 24766 | Swamp:2  | 24766 ||| READING 10 scrolls of teleportation.
 24767 | Swamp:2  | 24767 ||| DRINKING 11 potions of heal wounds.
 24768 | Swamp:2  | 24768 ||| DRINKING 10 potions of heal wounds.
 24769 | Swamp:2  | 24769 ||| Stepping ~*~*~tactically~*~*~ (cloud).
 24810 | Swamp:2  | 24810 ||| FLEEEEING.
 24811 | Swamp:2  | 24811 ||| INVOKING Heroism.
 24904 | Swamp:2  | 24904 ||| INVOKING Heroism.
 24979 | Swamp:2  | 24979 ||| INVOKING Heroism.
 25059 | Swamp:2  | 25059 ||| READING scroll of enchant armour.
 25059 | Swamp:2  | 25059 ||| ENCHANTING +4 plate armour.
 25073 | Swamp:2  | 25073 ||| READING scroll of enchant armour.
 25073 | Swamp:2  | 25073 ||| ENCHANTING +5 plate armour.
 25130 | Swamp:2  | 25130 ||| INVOKING Heroism.
 25218 | Swamp:2  | Noticed Frances
 25219 | Swamp:2  | 25219 ||| INVOKING Heroism.
 25240 | Swamp:2  | Killed Frances
 25241 | Swamp:2  | Reached skill level 16 in Fighting
 25305 | Swamp:2  | 25305 ||| FLEEEEING.
 25306 | Swamp:2  | 25306 ||| FLEEEEING.
 25398 | Swamp:2  | 25398 ||| Stepping ~*~*~tactically~*~*~ (hiding).
 25401 | Swamp:2  | 25401 ||| INVOKING Heroism.
 25480 | Swamp:2  | 25480 ||| Stepping ~*~*~tactically~*~*~ (stealth).
 25723 | Swamp:2  | 25723 ||| DROPPING +2 chain mail of cold resistance.
 25747 | Swamp:3  | 25747 ||| INVOKING Heroism.
 25752 | Swamp:3  | 25752 ||| STAIRDANCE
 25801 | Swamp:3  | 25801 ||| INVOKING Heroism.
 25803 | Swamp:3  | 25803 ||| Stepping randomly (cloudy).
 25820 | Swamp:3  | 25820 ||| Stepping ~*~*~tactically~*~*~ (cloud).
 25990 | Swamp:3  | 25990 ||| Stepping ~*~*~tactically~*~*~ (stealth).
 25992 | Swamp:3  | 25992 ||| Stepping ~*~*~tactically~*~*~ (hiding).
 26043 | Swamp:3  | 26043 ||| INVOKING Heroism.
 26045 | Swamp:3  | 26045 ||| Stepping ~*~*~tactically~*~*~ (hiding).
 26046 | Swamp:3  | 26046 ||| Stepping ~*~*~tactically~*~*~ (hiding).
 26048 | Swamp:3  | 26048 ||| Stepping ~*~*~tactically~*~*~ (hiding).
 26241 | Swamp:3  | 26241 ||| Stepping ~*~*~tactically~*~*~ (cloud).
 26244 | Swamp:3  | Reached skill level 15 in Armour
 26420 | Swamp:3  | 26420 ||| PLANNING SPIDER:1-3
 26515 | Spider:1 | Entered Level 1 of the Spider Nest
 26524 | Spider:1 | 26524 ||| INVOKING Heroism.
 26990 | Spider:1 | 26990 ||| INVOKING Heroism.
 26999 | Spider:1 | Reached XP level 17. HP: 112/116 MP: 22/24
 27545 | Spider:1 | 27545 ||| INVOKING Heroism.
 27829 | Spider:1 | 27829 ||| INVOKING Heroism.
 27842 | Spider:1 | 27842 ||| Stepping ~*~*~tactically~*~*~ (hiding).
 27847 | Spider:1 | 27847 ||| Stepping randomly (stuck).
 27848 | Spider:1 | 27848 ||| Stepping randomly (stuck).
 27857 | Spider:1 | Reached skill level 17 in Fighting
 27920 | Spider:2 | You are sucked into a shaft and drop 1 floor!
 27941 | Spider:2 | 27941 ||| INVOKING Heroism.
 27944 | Spider:2 | Noticed Louise
 27948 | Spider:2 | 27948 ||| INVOKING Finesse.
 27978 | Spider:2 | Killed Louise
 28033 | Spider:2 | 28033 ||| Stepping ~*~*~tactically~*~*~ (hiding).
 28035 | Spider:2 | 28035 ||| INVOKING Heroism.
 28121 | Spider:2 | 28121 ||| INVOKING Heroism.
 28196 | Spider:2 | 28196 ||| FLEEEEING.
 28197 | Spider:2 | 28197 ||| FLEEEEING.
 28198 | Spider:2 | 28198 ||| FLEEEEING.
 28262 | Spider:2 | Identified the +5 flail of Qiozoz {flame, Will++}
 28330 | Spider:2 | 28330 ||| FLEEEEING.
 28331 | Spider:2 | 28331 ||| FLEEEEING.
 28332 | Spider:2 | 28332 ||| FLEEEEING.
 28333 | Spider:2 | 28333 ||| FLEEEEING.
 28334 | Spider:2 | 28334 ||| FLEEEEING.
 28335 | Spider:2 | 28335 ||| STAIRDANCE
 28337 | Spider:1 | 28337 ||| UPGRADING to +0 tower shield.
 28347 | Spider:1 | 28347 ||| DROPPING +3 buckler of qw's Indomitability {rF+}.
 28509 | Spider:2 | 28509 ||| Stepping ~*~*~tactically~*~*~ (stealth).
 28512 | Spider:2 | 28512 ||| INVOKING Heroism.
 28516 | Spider:2 | Received a gift from Okawaru
 28646 | Spider:3 | 28646 ||| INVOKING Heroism.
 28651 | Spider:3 | 28651 ||| STAIRDANCE
 28782 | Spider:3 | Received a gift from Okawaru
 28870 | Spider:3 | 28870 ||| INVOKING Heroism.
 29044 | Spider:3 | 29044 ||| INVOKING Heroism.
 29126 | Spider:3 | 29126 ||| Stepping ~*~*~tactically~*~*~ (stealth).
 29130 | Spider:3 | 29130 ||| INVOKING Heroism.
 29135 | Spider:3 | 29135 ||| Stepping ~*~*~tactically~*~*~ (stealth).
 29303 | Spider:3 | 29303 ||| Stepping ~*~*~tactically~*~*~ (stealth).
 29732 | Spider:3 | 29732 ||| Stepping ~*~*~tactically~*~*~ (stealth).
 29748 | Spider:3 | Received a gift from Okawaru
 29936 | Spider:3 | 29936 ||| PLANNING SWAMP:4
 30130 | Swamp:4  | Entered Level 4 of the Swamp
 30139 | Swamp:4  | 30139 ||| Stepping ~*~*~tactically~*~*~ (hiding).
 30141 | Swamp:4  | 30141 ||| INVOKING Heroism.
 30147 | Swamp:4  | Reached skill level 12 in Shields
 30164 | Swamp:4  | 30164 ||| Stepping ~*~*~tactically~*~*~ (hiding).
 30167 | Swamp:4  | 30167 ||| Stepping ~*~*~tactically~*~*~ (hiding).
 30279 | Swamp:4  | 30279 ||| Stepping ~*~*~tactically~*~*~ (hiding).
 30281 | Swamp:4  | 30281 ||| Stepping ~*~*~tactically~*~*~ (hiding).
 30371 | Swamp:4  | 30371 ||| INVOKING Heroism.
 30392 | Swamp:4  | Received a gift from Okawaru
 30631 | Swamp:4  | 30631 ||| FLEEEEING.
 30632 | Swamp:4  | 30632 ||| SWAPPING to +1 vampiric demon whip.
 30635 | Swamp:4  | 30635 ||| Stepping ~*~*~tactically~*~*~ (outnumbered).
 30636 | Swamp:4  | 30636 ||| Stepping ~*~*~tactically~*~*~ (outnumbered).
 30638 | Swamp:4  | 30638 ||| SWAPPING to +9 war axe "Kelamn" {drain, rF+}.
 30671 | Swamp:4  | 30671 ||| Stepping ~*~*~tactically~*~*~ (hiding).
 30737 | Swamp:4  | 30737 ||| INVOKING Heroism.
 30748 | Swamp:4  | 30748 ||| INVOKING Finesse.
 30769 | Swamp:4  | 30769 ||| Stepping ~*~*~tactically~*~*~ (stealth).
 30771 | Swamp:4  | 30771 ||| Stepping ~*~*~tactically~*~*~ (stealth).
 30826 | Swamp:4  | 30826 ||| SWAPPING to +1 vampiric demon whip.
 30829 | Swamp:4  | 30829 ||| SWAPPING to +9 war axe "Kelamn" {drain, rF+}.
 30830 | Swamp:4  | 30830 ||| SWAPPING to +1 vampiric demon whip.
 30834 | Swamp:4  | 30834 ||| SWAPPING to +9 war axe "Kelamn" {drain, rF+}.
 31133 | Swamp:4  | 31133 ||| Stepping ~*~*~tactically~*~*~ (stealth).
 31134 | Swamp:4  | 31134 ||| SWAPPING to +1 vampiric demon whip.
 31138 | Swamp:4  | 31138 ||| SWAPPING to +9 war axe "Kelamn" {drain, rF+}.
 31140 | Swamp:4  | 31140 ||| UPGRADING to +2 cloak of willpower.
 31150 | Swamp:4  | 31150 ||| DROPPING +2 cloak of stealth.
 31151 | Swamp:4  | 31151 ||| PLANNING SWAMP:4
 31152 | Swamp:4  | 31152 ||| SWAPPING to +1 vampiric demon whip.
 31158 | Swamp:4  | 31158 ||| SWAPPING to +9 war axe "Kelamn" {drain, rF+}.
 31174 | Swamp:4  | 31174 ||| Stepping ~*~*~tactically~*~*~ (cloud).
 31204 | Swamp:4  | 31204 ||| PLANNING SWAMP:4
 31207 | Swamp:4  | Noticed Kirke
 31208 | Swamp:4  | 31208 ||| Stepping ~*~*~tactically~*~*~ (stealth).
 31211 | Swamp:4  | 31211 ||| INVOKING Heroism.
 31212 | Swamp:4  | 31212 ||| Stepping ~*~*~tactically~*~*~ (cloud).
 31221 | Swamp:4  | Killed Kirke
 31222 | Swamp:4  | 31222 ||| PLANNING SWAMP:4
 31222 | Swamp:4  | 31222 ||| PLANNING SWAMP:4
 31222 | Swamp:4  | 31222 ||| Stepping randomly (Swamp:4).
 31223 | Swamp:4  | 31223 ||| Stepping ~*~*~tactically~*~*~ (stealth).
 31224 | Swamp:4  | 31224 ||| Stepping randomly (Swamp:4).
 31239 | Swamp:4  | 31239 ||| SWAPPING to +1 vampiric demon whip.
 31244 | Swamp:4  | 31244 ||| SWAPPING to +9 war axe "Kelamn" {drain, rF+}.
 31276 | Swamp:4  | HP: 14/117 [something (25)]
 31281 | Swamp:4  | HP: 13/117 [something (3)]
 31282 | Swamp:4  | Engulfed by a cloud of freezing vapour

Levels and vault maps discovered:
D:1:      roderic_crop_circles_arrival_small, layout_loops_cross,
          hellmonk_ecumenical_altar_inner_sanctum, serial_forest,
          infiniplex_forest_join, infiniplex_forest_lined_2,
          infiniplex_forest_lined_ring, infiniplex_forest_straight_5,
          infiniplex_forest_clump_small, infiniplex_forest_straight_1,
          infiniplex_forest_lined_1, serial_shops, nicolae_shop_behind_doors
D:2:      layout_basic, minmay_goblin_outpost
D:3:      layout_rooms, xom_butterflies, gammafunk_ghost_stat_death
D:4:      layout_basic, minmay_temple_entry_proselytizer, minmay_unequal,
          uniq_natasha
D:5:      layout_loops_cross, nicolae_sif_muna_condensation, minmay_lizard_king,
          uniq_duvessa, uniq_prince_ribbit1, uniq_blork_the_orc, uniq_sigmund
D:6:      layout_basic, uniq_pikel, uniq_grinder
D:7:      layout_rooms, serial_curves, eino_curves_02, eino_curves_02,
          eino_curves_02, nicolae_concentric_dashed_squares_mild,
          uniq_crazy_yiuf_cottage, uniq_maggie
D:8:      layout_loops_ring, nzn_wu_jian_council_hall,
          nicolae_qazlal_eye_of_the_storm
D:9:      layout_basic, serial_bayou_pond_d
D:10:     layout_gridville, overflow_temple_1_default,
          makhleb_altar_promises_db, gammafunk_ghost_spectres
D:11:     layout_layer_cave, dpeg_lair_monsters, hiddenorc1_lemuel,
          dk_noncrumbling_2, minmay_puff
D:12:     layout_grid_maze, gauntlet_entry_generic, portal_ice_cave_rime,
          fungi_pond_lemuel
D:13:     layout_small_grid, david_vaults_5, uniq_rupert
D:14:     layout_layer_cave, small_statue_intersection, minmay_nine_imps
D:15:     gammafunk_depths_entry_grave, layout_basic, nicolae_splish_splash,
          uniq_josephine, uniq_roxanne
Temple:   regret_index_temple_sphere_string
Lair:1:   layout_layer_cave, uniq_erica
Lair:2:   layout_chaotic_city, spider_nest_entry_rubble,
          bobbens_dragon_lair_wall
Lair:3:   layout_regular_city, palyth_hydra_swamp_entry, lemuel_centaur_altar,
          infiniplex_staircase_pool_2
Lair:4:   layout_concentric_octagons, lookout_lair_type, grunt_megastairs_4
Lair:5:   evilmike_catoblepas_cave, layout_regular_city,
          nicolae_slime_entry_slimehenge
Swamp:1:  layout_basic_swamp, evilmike_swamp_ruin_house_1, swamp_pool3,
          nicolae_swamp_small_spring
Swamp:2:  layout_basic_swamp, evilmike_swamp_ruin_rubble_1, uniq_frances
Swamp:3:  layout_basic_swamp, nicolae_swamp_decorative_isthmus, swamp_pool1
Swamp:4:  swamp_icy, layout_basic_swamp, uniq_kirke
Spider:1: layout_chambers, nicolae_spider_orb_run,
          hangedman_spider_tarantella_strand
Spider:2: layout_spider_delve, drop_trap, uniq_louise
Spider:3: layout_cave_pods, drop_trap, nicolae_crawler_farm
Orc:1:    layout_diamond_mine, uniq_erolcha
Orc:2:    hellmonk_orc_salted, layout_caves

Skill      XL: |  1  2  3  4  5  6  7  8  9 10 11 12 13 14 15 16 17 |
---------------+----------------------------------------------------+-----
Axes           | 2 3 5 6 7 8 9 10 11 13 14 16 | 16.0
Fighting       | 4 5 7 8 9 10 11 12 14 16 17 | 17.0
Dodging        | 1 2 3 4 |  4.0
Invocations    | 1 4 6 10 | 10.1
Armour         | 6 8 9 10 11 13 15 | 15.2
Shields        | 5 6 7 8 9 10 13 | 13.1
Throwing       | 2 3 4 5 6 7 8 |  8.0

Action                   |  1- 3 |  4- 6 |  7- 9 | 10-12 | 13-15 | 16-18 || total
-------------------------+-------+-------+-------+-------+-------+-------++-------
Melee: War axe           |    55 |       |    68 |   361 |   879 |   893 ||  2256
       Broad axe         |    46 |   148 |   111 |       |       |       ||   305
       Demon whip        |       |       |       |       |    71 |    32 ||   103
Throw: Boomerang         |       |       |       |    32 |    10 |     5 ||    47
       Javelin           |       |       |       |    49 |   145 |   104 ||   298
Invok: Heroism           |       |       |    13 |    26 |    57 |    39 ||   135
       Finesse           |       |       |       |     3 |    13 |     3 ||    19
  Use: Scroll            |     5 |     7 |     5 |     8 |     7 |     4 ||    36
       Potion            |     1 |     5 |     1 |     1 |       |     2 ||    10
 Stab: Sleeping          |       |       |       |       |     1 |       ||     1
Armor: Scale mail        |    57 |    32 |       |       |       |       ||    89
       Chain mail        |       |    38 |    66 |    22 |       |       ||   126
       Plate armour      |       |       |       |    77 |   575 |   428 ||  1080
Dodge: Dodged            |    63 |    76 |    94 |   139 |  1113 |   323 ||  1808
Block: Buckler           |    17 |    35 |    26 |   113 |   823 |   359 ||  1373
       Reflection        |       |       |       |       |    11 |    14 ||    25
       Tower shield      |       |       |       |       |       |   333 ||   333

Table legend:
 A = Non-vault XP
 B = Vault XP
 C = Vault XP percentage of total XP
 D = Non-vault monster count
 E = Vault monster count
 F = Vault count percentage of total count
                 A         B        C        D         E       F
            +---------+---------+-------+---------+---------+-------
      Total |  160348 |   70931 |  30.7 |     618 |     223 |  26.5
            +---------+---------+-------+---------+---------+-------
        D:1 |      32 |       0 |   0.0 |      17 |       0 |   0.0
        D:2 |      88 |      14 |  13.7 |      16 |       7 |  30.4
        D:3 |     118 |       0 |   0.0 |      15 |       0 |   0.0
        D:4 |     171 |     172 |  50.1 |      13 |       6 |  31.6
        D:5 |     237 |     812 |  77.4 |       7 |      10 |  58.8
        D:6 |     852 |     963 |  53.1 |      20 |       2 |   9.1
        D:7 |     634 |     385 |  37.8 |      15 |       1 |   6.2
        D:8 |     640 |       0 |   0.0 |      11 |       0 |   0.0
        D:9 |    3968 |       0 |   0.0 |      26 |       0 |   0.0
       D:10 |    3869 |       0 |   0.0 |      25 |       0 |   0.0
       D:11 |    1927 |    3957 |  67.3 |      14 |      25 |  64.1
       D:12 |    7131 |     749 |   9.5 |      19 |       2 |   9.5
       D:13 |    4902 |    4363 |  47.1 |      10 |       6 |  37.5
       D:14 |   10926 |    1154 |   9.6 |      19 |      10 |  34.5
       D:15 |   14051 |    7938 |  36.1 |      33 |      17 |  34.0
     Lair:1 |    3660 |    1026 |  21.9 |      14 |       2 |  12.5
     Lair:2 |    5854 |    6442 |  52.4 |      41 |      26 |  38.8
     Lair:3 |    6694 |    3320 |  33.2 |      24 |      10 |  29.4
     Lair:4 |    6974 |     725 |   9.4 |      26 |       6 |  18.8
     Lair:5 |    9997 |   11614 |  53.7 |      35 |      27 |  43.5
    Swamp:1 |    9897 |       0 |   0.0 |      17 |       0 |   0.0
    Swamp:2 |   12155 |    1534 |  11.2 |      22 |       1 |   4.3
    Swamp:3 |    8752 |       0 |   0.0 |      16 |       0 |   0.0
    Swamp:4 |    6965 |    5536 |  44.3 |      11 |      20 |  64.5
   Spider:1 |    6484 |    5533 |  46.0 |      14 |       8 |  36.4
   Spider:2 |   12409 |    1185 |   8.7 |      32 |       1 |   3.0
   Spider:3 |   12393 |    2259 |  15.4 |      31 |       6 |  16.2
      Orc:1 |    5246 |     854 |  14.0 |      39 |       1 |   2.5
      Orc:2 |    3322 |   10396 |  75.8 |      36 |      29 |  44.6
            +---------+---------+-------+---------+---------+-------
